 Dungeon Crawl Stone Soup version 0.27.1-33-g824d729ab1 (webtiles) character file.

Game seed: 6507282761741453526

16546 MisterFreud the Severer (level 12, -3/96 HPs)
             Began as a Hill Orc Abyssal Knight on Dec 14, 2021.
             Was a High Priest of Lugonu.
             Killed by divine providence
             ... invoked by a meliai
              (12 damage)
             ... on level 13 of the Dungeon.
             The game lasted 00:18:02 (10242 turns).

MisterFreud the Severer (Hill Orc Abyssal Knight)  Turns: 10242, Time: 00:18:02

Health: -3/96      AC: 19    Str: 27    XL:     12   Next: 38%
Magic:  19/19      EV:  7    Int: 19    God:    Lugonu [*****.]
Gold:   774        SH:  9    Dex: 11    Spells: 11/11 levels left

rFire    . . .     SeeInvis .   M - +3 broad axe (elec)
rCold    . . .     Faith    .   S - +0 buckler
rNeg     . . .     Spirit   .   c - +0 plate armour
rPois    .         Reflect  +   l - +0 helmet
rElec    .         Harm     .   v - +1 cloak
rCorr    .         Rampage  .   d - +0 pair of gloves "Muitap" {Regen+ Str-4 Int+7 Slay+2}
Will     .....                  G - +1 pair of boots
Stlth    ..........             F - amulet of reflection
HPRegen  1.26/turn              h - +6 ring of strength
MPRegen  0.16/turn              q - +6 ring of strength

@: no status effects
A: no striking features
a: Renounce Religion, Depart the Abyss, Bend Space, Banish, Corrupt, Enter the
Abyss


You were on level 13 of the Dungeon.
You worshipped Lugonu.
Lugonu was extremely pleased with you.
You visited 1 branch of the dungeon, and saw 13 of its levels.
You visited the Abyss 1 time.
You also visited: Sewer.

You collected 956 gold pieces.
You spent 182 gold pieces at shops.

Inventory:

Hand Weapons
 a - a +1 hand axe
 M - a +3 broad axe of electrocution (weapon)
Missiles
 P - 4 throwing nets
 T - 8 bolts
Armour
 b - a +0 leather armour
 c - a +0 plate armour (worn)
 d - the +0 pair of gloves "Muitap" (worn) {Regen+ Str-4 Int+7 Slay+2}
   (You found it on level 1 of the Abyss)

   Str:       It affects your strength (-4).
   Int:       It affects your intelligence (+7).
   Slay:      It affects your accuracy & damage with ranged weapons and melee
   (+2).
   Regen:     It increases your rate of health regeneration.
 l - a +0 helmet (worn)
 v - a +1 cloak (worn)
 G - a +1 pair of boots (worn)
 S - a +0 buckler (worn)
Jewellery
 h - a +6 ring of strength (left hand)
 m - a ring of positive energy
 q - a +6 ring of strength (right hand)
 E - a ring of protection from cold
 F - an amulet of reflection (around neck)
 J - a +6 ring of strength
 L - a ring of positive energy
 N - a ring of protection from fire
 O - the ring "Veari" {Fly rPois rC- rN+}
   (You found it on level 11 of the Dungeon)

   [ring of flight]

   rC:        It makes you vulnerable to cold.
   rPois:     It protects you from poison.
   rN:        It protects you from negative energy.
   Fly:       It grants you flight.
Wands
 f - a wand of digging (3)
 u - a wand of flame (66)
 w - a wand of mindburst (6)
 y - a wand of paralysis (10)
Scrolls
 g - 5 scrolls of teleportation
 j - a scroll of enchant armour
 p - a scroll of summoning
 C - a scroll of magic mapping
 H - 2 scrolls of amnesia
 K - 2 scrolls of fog
 Q - a scroll of acquirement {unknown}
 R - a scroll of blinking {unknown}
Potions
 i - 13 potions of curing
 k - a potion of magic
 n - 4 potions of lignification
 o - 6 potions of heal wounds
 r - 2 potions of cancellation
 s - a potion of ambrosia
 t - 3 potions of flight
 x - a potion of berserk rage
 z - a potion of brilliance
 A - 3 potions of degeneration
 B - a potion of invisibility
 D - a potion of mutation {unknown}
 I - 3 potions of resistance
Miscellaneous
 e - a lightning rod (4/4)


   Skills:
 - Level 6.0 Fighting
 + Level 17.1 Axes
 - Level 6.0 Armour
 - Level 0.7 Dodging
 + Level 3.2 Shields
 - Level 10.0 Invocations
 + Level 9.8 Evocations


You had 11 spell levels left.
You didn't know any spells.
Your spell library contained the following spells:

 Spells                   Type           Power      Damage    Failure   Level
 Beastly Appendage        Tmut           0%         N/A       94%         1
 Slow                     Hex            0%         N/A       98%         2
 Static Discharge         Conj/Air       0%         N/A       98%         2
 Wereblood                Tmut           0%         N/A       98%         2
 Confusing Touch          Hex            0%         N/A       100%        3
 Dazzling Flash           Conj/Hex       0%         N/A       100%        3
 Portal Projectile        Hex/Tloc       0%         N/A       100%        3
 Spider Form              Tmut/Pois      0%         N/A       100%        3
 Vampiric Draining        Necr           0%         2d6       100%        3
 Dispel Undead            Necr           0%         3d6       100%        4
 Sticky Flame             Conj/Fire      0%         2d3       100%        4
 Agony                    Necr           0%         N/A       100%        5
 Blade Hands              Tmut           0%         N/A       100%        5
 Excruciating Wounds      Necr           0%         N/A       100%        5
 Silence                  Hex/Air        0%         N/A       100%        5
 Malign Gateway           Summ/Tloc      0%         N/A       100%        7
 Summon Horrible Things   Summ           0%         N/A       100%        8


Dungeon Overview and Level Annotations

Branches:
Dungeon (13/15)            Temple (0/1) D:5            Lair (0/6) D:11
    Orc (0/2) D:12          Sewer (visited)
 Vaults: D:13-14

Altars:
Ashenzari
Cheibriados
Dithmenos
Gozag
Hepliaklqana
Nemelex Xobeh
Qazlal
Ru
Vehumet
Xom

Shops:
D:2 [(:(   D:9 ((*(   D:10 (   D:11 [(   D:12 [[

Annotations:
D:7 3 runed translucent doors, Adenis's ghost, novice GnBe


Message History

The meliai hits you with a +0 hand axe.
The meliai stings you but does no damage.
The ogre mage casts a spell.
The ogre mage flickers and vanishes!
Deactivating autopickup; reactivate with Ctrl-A.
The meliai hits you with a +0 hand axe.
* * * LOW HITPOINT WARNING * * *
The meliai stings you but does no damage.
The centaur warrior wields a +0 longbow.
The centaur warrior shoots an arrow.
Reactivating autopickup.
You feel a bit more experienced.
The meliai invokes the aid of its god against you.
Something smites you!
* * * LOW HITPOINT WARNING * * *
A centaur warrior comes into view.
The meliai hits you but does no damage.
The meliai stings you but does no damage.
A wizard comes into view.
It is wielding a +0 dagger and wearing a +0 robe of willpower.
The meliai invokes the aid of its god against you.
Something smites you!
* * * LOW HITPOINT WARNING * * *
The centaur warrior hits you but does no damage.
The centaur warrior kicks you but does no damage.
The centaur warrior hits you but does no damage.
The centaur warrior kicks you but does no damage.
The meliai barely misses you.
The meliai stings you but does no damage.
The meliai hits you but does no damage.
The meliai stings you but does no damage.
The centaur warrior hits you but does no damage.
The centaur warrior kicks you but does no damage.
The meliai hits you but does no damage.
The meliai stings you but does no damage.
You can move again.
Unknown command.
You fail to use your ability.
The meliai mumbles some strange prayers to its god against you.
Something smites you!
You die...

##...........##.....#
.....#####.#.#...###
#..#####.##.#.##
#........###.##
..###...######
#.##### ........##
#...... ..#####..#
####### ##.#..#
#@#.#.# #c#y##.#


#pJ ## .# #.#$ # ###### #.#.# #..... ..# # #.#### ... #.# .# #.## #..# You could
see a slime creature, a centaur warrior, a wizard and a meliai.

Vanquished Creatures
  Nessos (D:12)
  Harold (D:11)
  A boulder beetle (D:11)
  4 two-headed ogres
  A manticore (D:6)
  4 cyclopes
  An efreet (D:13)
  A kobold demonologist (D:9)
  3 trolls
  4 slime creatures (D:12)
  A meliai zombie (D:11)
  2 shadows
  A wyvern (D:9)
  4 yaks
  3 vampire mosquitoes (D:11)
  3 steam dragons
  2 wargs (D:11)
  Edmund (D:4)
  An acid dragon (D:11)
  3 water moccasins
  4 orc warriors
  4 necrophages
  5 ogres
  4 centaurs
  3 phantoms
  2 kobold brigands
  3 gnoll sergeants
  4 bullfrogs
  2 scorpions
  A water moccasin skeleton (D:4)
  8 killer bees
  5 electric eels (D:9)
  10 wights
  9 howler monkeys
  2 centaur zombies
  A centaur skeleton (D:7)
  9 orc priests
  Crazy Yiuf (D:3)
  2 iguanas
  8 orc wizards
  A killer bee zombie (D:8)
  A hound skeleton (D:5)
  15 gnolls
  7 adders
  A river rat (Sewer)
  2 shadow imps
  A white imp (D:5)
  An ufetubus (D:7)
  2 adder skeletons
  2 worms
  A dart slug (D:2)
  29 orcs
  2 endoplasms
  2 giant cockroaches
  7 goblins
  7 hobgoblins
  2 jackals (Sewer)
  16 kobolds
  7 quokkas
  10 ball pythons
  11 bats
  4 frilled lizards (D:3)
  5 rats
  A toadstool (D:4)
266 creatures vanquished.

Vanquished Creatures (collateral kills)
  An orc priest (D:8)
1 creature vanquished.

Vanquished Creatures (others)
  An ogre mage (D:13)
  A fungus (D:4)
  34 plants
  2 toadstools (D:4)
38 creatures vanquished.

Grand Total: 305 creatures vanquished

Notes
Turn   | Place    | Note
-------+----------+-------------------------------------------
     0 | Abyss:1  | MisterFreud the Hill Orc Abyssal Knight began the quest for
                  | the Orb.
     0 | Abyss:1  | Reached XP level 1. HP: 19/19 MP: 2/2
    15 | Abyss:1  | Found a corrupted altar of Lugonu.
    45 | Abyss:1  | Identified the +0 pair of gloves "Muitap" {Regen+ Str-4
                  | Int+7 Slay+2}
    64 | Abyss:1  | Noticed a chaos spawn
    67 | D:1      | Escaped the Abyss
   230 | D:1      | Reached skill level 3 in Axes
   298 | D:1      | Reached * piety under Lugonu
   408 | D:1      | Reached XP level 2. HP: 24/26 MP: 3/3
   440 | D:1      | Found a faded altar of an unknown god.
   836 | D:1      | You fall into a shaft and drop 1 floor!
   847 | D:2      | Found Xuadaid's Book Boutique.
   869 | D:2      | Reached skill level 4 in Axes
   869 | D:2      | Reached XP level 3. HP: 16/31 MP: 4/4
  1026 | D:2      | Found Mugiuh's Antique Weapon Emporium.
  1063 | D:2      | Found Daomok's Weapon Emporium.
  1329 | D:2      | Found a broken altar of Ashenzari.
  1399 | D:2      | Found Puonev's Armour Shop.
  1456 | D:3      | Noticed a centaur
  1464 | D:3      | Killed a centaur
  1465 | D:3      | Reached skill level 5 in Axes
  1465 | D:3      | Reached XP level 4. HP: 35/39 MP: 5/5
  1465 | D:3      | Reached XP level 5. HP: 41/45 MP: 6/6
  1485 | D:3      | Reached skill level 6 in Axes
  1794 | D:3      | Found a runed translucent door.
  1795 | D:3      | Noticed Crazy Yiuf
  1891 | D:3      | Found a glowing drain.
  1904 | Sewer    | Entered a sewer
  1967 | Sewer    | Noticed a kobold brigand
  1983 | Sewer    | Reached ** piety under Lugonu
  1996 | Sewer    | Killed a kobold brigand
  1997 | Sewer    | Reached skill level 7 in Axes
  1997 | Sewer    | Reached XP level 6. HP: 49/51 MP: 7/7
  2020 | Sewer    | Found a white marble altar of Elyvilon.
  2378 | D:3      | Killed Crazy Yiuf
  2499 | D:4      | Noticed Edmund
  2545 | D:4      | Killed Edmund
  2546 | D:4      | Reached skill level 8 in Axes
  2546 | D:4      | Reached XP level 7. HP: 36/57 MP: 8/8
  2751 | D:4      | Reached skill level 5 in Armour
  2798 | D:4      | Reached skill level 9 in Axes
  3096 | D:5      | Entered Level 5 of the Dungeon
  3130 | D:5      | Identified the +2 ring mail of an ossuary {rC+ Stlth+}
  3215 | D:5      | Found a staircase to the Ecumenical Temple.
  3215 | D:5      | Found a hazy altar of Hepliaklqana.
  3215 | D:5      | Noticed a steam dragon
  3232 | D:5      | Killed a steam dragon
  3233 | D:5      | Reached skill level 10 in Axes
  3233 | D:5      | Reached XP level 8. HP: 56/64 MP: 8/10
  3405 | D:5      | Reached skill level 5 in Invocations
  3509 | D:5      | Reached *** piety under Lugonu
  3510 | D:5      | Reached skill level 5 in Fighting
  3937 | D:6      | Noticed a manticore
  3939 | D:6      | Reached XP level 9. HP: 20/75 MP: 13/13
  4086 | D:6      | Found a shimmering altar of Xom.
  4119 | D:6      | Reached skill level 11 in Axes
  4253 | D:6      | Killed a manticore
  4254 | D:6      | Reached skill level 12 in Axes
  5071 | D:7      | Reached skill level 13 in Axes
  5080 | D:7      | Found a runed translucent gate.
  5116 | D:7      | Noticed Adenis's ghost (novice GnBe)
  5140 | D:7      | Found a runed translucent gate.
  5140 | D:7      | Found an opulent altar of Gozag.
  5141 | D:7      | Found a runed translucent gate.
  5361 | D:7      | Reached skill level 14 in Axes
  5459 | D:7      | Reached skill level 1 in Evocations
  5923 | D:8      | Found a radiant altar of Vehumet.
  5951 | D:7      | Reached XP level 10. HP: 51/83 MP: 14/14
  6110 | D:8      | Reached **** piety under Lugonu
  6222 | D:8      | Found a broken altar of Ashenzari.
  6628 | D:9      | Identified the +0 pair of gloves of Xuarhod {Dex+3}
  6636 | D:9      | Found Ocvies's Antique Weapon Boutique.
  6642 | D:9      | Bought a runed broad axe for 182 gold pieces
  6644 | D:9      | Noticed a kobold demonologist
  6674 | D:9      | Noticed an orange demon
  6674 | D:9      | Killed a kobold demonologist
  6718 | D:9      | Found Dohe's General Store.
  6798 | D:9      | Found a shadowy altar of Dithmenos.
  6928 | D:9      | Found Syem's Weapon Boutique.
  7125 | D:9      | Found Bevof's Weapon Emporium.
  7156 | D:9      | Noticed a two-headed ogre
  7165 | D:9      | Killed a two-headed ogre
  7166 | D:9      | Reached skill level 5 in Evocations
  7235 | D:9      | Found a stormy altar of Qazlal.
  7442 | D:10     | Entered Level 10 of the Dungeon
  7442 | D:10     | Found Toclaw's Antique Weapon Boutique.
  7667 | D:10     | Reached XP level 11. HP: 89/89 MP: 16/18
  7710 | D:10     | Reached ***** piety under Lugonu
  8033 | D:10     | Found a sparkling altar of Nemelex Xobeh.
  8034 | D:10     | Found a sacrificial altar of Ru.
  8183 | D:11     | Reached skill level 15 in Axes
  8186 | D:11     | Found Geesicvo's Antique Armour Boutique.
  8210 | D:11     | Noticed a two-headed ogre
  8214 | D:11     | Reached skill level 10 in Invocations
  8231 | D:11     | Killed a two-headed ogre
  8318 | D:11     | Noticed a cyclops
  8324 | D:11     | Killed a cyclops
  8357 | D:11     | Found a staircase to the Lair.
  8358 | D:11     | Noticed a two-headed ogre
  8366 | D:11     | Killed a two-headed ogre
  8445 | D:11     | Identified the ring "Veari" {Fly rPois rC- rN+}
  8461 | D:11     | Noticed a boulder beetle
  8471 | D:11     | Killed a boulder beetle
  8559 | D:11     | Found Romorghu's Antique Weapon Shoppe.
  8604 | D:11     | Noticed Harold
  8616 | D:11     | Killed Harold
  8617 | D:11     | Reached skill level 16 in Axes
  8741 | D:11     | Noticed a cyclops
  8747 | D:11     | Killed a cyclops
  9319 | D:12     | Noticed a two-headed ogre
  9330 | D:12     | Killed a two-headed ogre
  9331 | D:12     | Reached XP level 12. HP: 56/96 MP: 19/19
  9409 | D:12     | Found Ryevon's Armour Boutique.
  9411 | D:12     | Found a staircase to the Orcish Mines.
  9598 | D:12     | Reached skill level 1 in Shields
  9648 | D:12     | Found a snail-covered altar of Cheibriados.
  9649 | D:12     | Found Cheibriados's Comfort Zone.
  9822 | D:12     | Noticed Nessos
  9829 | D:12     | Killed Nessos
  9830 | D:12     | Reached skill level 17 in Axes
 10233 | D:13     | Noticed an ogre mage
 10235 | D:13     | Noticed a centaur warrior
 10237 | D:13     | Paralysed by an ogre mage for 4 turns
 10238 | D:13     | Killed an ogre mage
 10239 | D:13     | Noticed a centaur warrior
 10242 | D:13     | Killed from afar by a meliai

Illustrated notes

Levels and vault maps discovered:
D:1:      dpeg_arrival_central, layout_loops_corners,
          shapermc_ecumenical_altar_mp_ritualfount, minmay_misc_feat_x
D:2:      layout_loops_ring, basic_altar, serial_shops, shop,
          nicolae_shop_statue_plus, shop,
          nicolae_shop_temple_entry_statues_fountains, minmay_fractal_squares_5
D:3:      layout_basic, gup_sewer_entry_pipe, uniq_crazy_yiuf_cottage
D:4:      layout_basic, minmay_gold_behind_fungi, uniq_edmund
D:5:      layout_loops_ring, nicolae_hepliaklqana_hazy_memory, temple_fountains,
          serial_bayou_pond_e, corexii_shack
D:6:      layout_gridville, xom_teletrap_fun
D:7:      layout_basic, ebering_ghost_gozag
D:8:      layout_loops_ring, jmf_multi_god_temple
D:9:      layout_irregular_city, grunt_qazlal_sundering,
          nicolae_dithmenos_the_darkroom, serial_bayou, serial_bayou_lagoon_a,
          serial_bayou_shore_b, serial_bayou_pond_d, serial_bayou_shore_a,
          serial_shops, nicolae_lakefront_shop, shop, shop_statue, shop
D:10:     layout_long_grid, mainiacjoe_overflow_divided_tiny, serial_shops,
          shop, nicolae_twisting_strands
D:11:     layout_cave_pods, erik_lair_orcish_takeover, serial_shops, shop,
          nicolae_shop_crystal, kennysheep_windowed_goal, uniq_harold
D:12:     layout_long_grid, orc_david_3, minmay_shop_chei, uniq_nessos
D:13:     cheibrodos_tormentor_scu, layout_loops_ring, minmay_misc_feat_square,
          minmay_circle_x

Skill      XL: |  1  2  3  4  5  6  7  8  9 10 11 12 |
---------------+-------------------------------------+-----
Axes           | 3 4 5 7 8 10 14 16 17 | 17.1
Armour         | 3 4 6 |  6.0
Invocations    | 6 9 10 | 10.0
Fighting       | 6 |  6.0
Evocations     | 2 5 9 |  9.8
Shields        | 3 |  3.2
Dodging        | |  0.7

Action                   |  1- 3 |  4- 6 |  7- 9 | 10-12 || total
-------------------------+-------+-------+-------+-------++-------
Melee: Hand axe          |    85 |   146 |   336 |   117 ||   684
       Broad axe         |       |       |       |   235 ||   235
Invok: Depart the Abyss  |     1 |       |       |       ||     1
       Banish            |       |       |       |     2 ||     2
Evoke: Lightning rod     |       |       |     4 |       ||     4
       Wand              |       |       |       |    15 ||    15
  Use: Scroll            |       |     2 |     6 |    13 ||    21
       Potion            |       |     2 |       |     1 ||     3
Armor: Leather armour    |    43 |       |       |       ||    43
       Plate armour      |    16 |    90 |   192 |   155 ||   453
Dodge: Dodged            |    66 |    52 |   100 |    76 ||   294
Block: Other             |       |       |     2 |    60 ||    62
       Buckler           |       |       |       |    14 ||    14
